 Dungeon Crawl Stone Soup version 0.25-a0-277-g7046ed1b37 (webtiles) character file.

Game seed: 12266896776877004319, levelgen mode: deterministic

0 Gargoyl the Skirmisher (level 1, -2/19 HPs)
             Began as a Centaur Abyssal Knight on Dec 9, 2019.
             Was a Follower of Lugonu.
             Slain by a +2 flail of holy wrath (6 damage)
             ... on level 1 of the Abyss.
             The game lasted 00:00:27 (175 turns).

Gargoyl the Skirmisher (Centaur Abyssal Knight)      Turns: 175, Time: 00:00:27

Health: -2/19      AC:  4    Str: 14    XL:     1   Next: 0%
Magic:  2/2        EV:  9    Int: 11    God:    Lugonu [*.....]
Gold:   0          SH:  0    Dex:  8    Spells: 0/0 levels left

rFire    . . .     SeeInvis .   a - +1 hand axe
rCold    . . .     Gourm    .   (no shield)
rNeg     . . .     Faith    .   b - +0 leather armour
rPois    .         Spirit   .   (no helmet)
rElec    .         Reflect  .   (no cloak)
rCorr    .         Harm     .   (no gloves)
MR       .....                  (no barding)
Stlth    ..........             (no amulet)
HPRegen  0.06/turn              (no ring)
MPRegen  0.08/turn              (no ring)

@: very quick
A: large, hooves 3, deformed body, speed 2, tough skin 3
a: Depart the Abyss, Renounce Religion


You were on level 1 of the Abyss.
You worshipped Lugonu.
Lugonu was aware of your devotion.
You were not hungry.

You visited 0 branches of the dungeon, and saw 0 of its levels.
You visited the Abyss 1 time.

Inventory:

Hand Weapons
 a - a +1 hand axe (weapon)
Armour
 b - a +0 leather armour (worn)
Scrolls
 d - a scroll of enchant armour {unknown}
Potions
 e - 2 potions of curing {unknown}
Comestibles
 c - a ration


   Skills:
 + Level 3.0 Fighting
 + Level 1.7 Axes
 + Level 1.3 Armour
 + Level 0.6 Dodging
 + Level 2.0 Invocations


You couldn't memorise any spells.
You didn't know any spells.
Your spell library was empty.

Dungeon Overview and Level Annotations

Branches:
Dungeon (0/15)

Altars:


Innate Abilities, Weirdness & Mutations

You have hooves in place of feet.
Armour fits poorly on your strangely shaped body.
You cover ground very quickly.
You have extremely tough skin. (AC +3)


Message History

The starspawn tentacle constricts you.
You escape the starspawn tentacle's grasp.
A tentacle flies out from the starspawn's body!
A starspawn tentacle comes into view.
A starcursed mass comes into view.
Found 14 poisoned darts.
You are suddenly pulled into a different region of the Abyss!
Found a corrupted altar of Lugonu.
d - a scroll labeled HUUWAPHUAWO
Found 27 stones.
You see here 27 stones.
A +2 flail of holy wrath comes into view.
A +2 flail of holy wrath is nearby!
You see here 2 brown potions.
e - 2 brown potions The +2 flail of holy wrath hits you.
* * * LOW HITPOINT WARNING * * *
The +2 flail of holy wrath closely misses you.
The +2 flail of holy wrath hits you.
You die...

#### . ## . .###
#..####..##
#....#....##
..##.###.....#.#
..#............#
....###.##...#.#
#. .#.#. #.#(.#
#.#....#. #..#@#
# ##.
..##....#.#
##....#...#.##..
..
..#..#.##...#..
#.####...##.. #
. .# # ..#.(###
.# . .. .#
....... .####.#
## . .#.# #
....# . #.. ..
..#


You could see a +2 flail of holy wrath.

Vanquished Creatures (others)
  6 starspawn tentacles (Abyss:1)
6 creatures vanquished.

Notes
Turn   | Place    | Note
-------+----------+-------------------------------------------
     0 | Abyss:1  | Gargoyl the Centaur Abyssal Knight began the quest for the
                  | Orb.
     0 | Abyss:1  | Reached XP level 1. HP: 19/19 MP: 2/2
    44 | Abyss:1  | Noticed a tentacled starspawn
    49 | Abyss:1  | Noticed a blizzard demon
    86 | Abyss:1  | Noticed a smoke demon
    95 | Abyss:1  | Noticed a starcursed mass
   108 | Abyss:1  | Found a corrupted altar of Lugonu.
   165 | Abyss:1  | Noticed a +2 flail of holy wrath
   175 | Abyss:1  | Slain by a +2 flail of holy wrath

Levels and vault maps discovered:
Abyss:1

Action                   || total
-------------------------++-------
  Use: Scroll            ||     1
       Potion            ||     1
Dodge: Dodged            ||     1

Table legend:
 A = Non-vault XP
 B = Vault XP
 C = Vault XP percentage of total XP
 D = Non-vault monster count
 E = Vault monster count
 F = Vault count percentage of total count
                 A         B        C        D         E       F
            +---------+---------+-------+---------+---------+-------
      Total |       0 |       0 |   N/A |       0 |       0 |  -nan
            +---------+---------+-------+---------+---------+-------
            +---------+---------+-------+---------+---------+-------
